 Dungeon Crawl Stone Soup version 0.27.1 (webtiles) character file.

Game seed: 13227853432376401374

306 chaosape the Slasher (level 6, -10/44 HPs)
             Began as a Gnoll Wanderer on Aug 28, 2021.
             Was a Believer of Trog.
             Mangled by an ogre (31 damage)
             ... on level 4 of the Dungeon.
             The game lasted 00:24:22 (4482 turns).

chaosape the Slasher (Gnoll Wanderer)               Turns: 4482, Time: 00:24:23

Health: -10/44     AC: 10    Str: 13    XL:     6   Next: 39%
Magic:  9/9        EV: 21    Int:  8    God:    Trog [**....]
Gold:   113        SH:  0    Dex: 15    Spells: 9/9 levels left

rFire    . . .     SeeInvis +   H - +3 whip
rCold    . . .     Faith    .   (no shield)
rNeg     . . .     Spirit   .   B - +0 chain mail
rPois    .         Reflect  .   n - +1 hat
rElec    .         Harm     .   (no cloak)
rCorr    .         Rampage  .   (no gloves)
Will     .....                  i - +0 pair of boots
Stlth    ..........             g - amulet of the acrobat
HPRegen  0.14/turn              A - ring of see invisible
MPRegen  0.11/turn              (no ring)

@: acrobatic
A: fangs 1, strong nose, distributed training
a: Renounce Religion, Berserk, Trog's Hand


You were on level 4 of the Dungeon.
You worshipped Trog.
Trog was pleased with you.
You visited 1 branch of the dungeon, and saw 4 of its levels.
You also visited: Ossuary.

You collected 113 gold pieces.

Inventory:

Hand Weapons
 a - a +0 falchion
 b - a +0 hand crossbow
 f - a +0 dagger
 s - a +0 hunting sling
 u - a +0 flail
 C - a +0 war axe
 H - a +3 whip (weapon)
Missiles
 j - 97 stones (quivered)
 l - 15 arrows
 o - 10 poisoned darts
 t - 9 sling bullets
Armour
 e - a +0 robe
 i - a +0 pair of boots (worn)
 k - a +0 leather armour
 m - a +0 helmet
 n - a +1 hat (worn)
 p - a +0 leather armour
 y - a +0 ring mail
 B - a +0 chain mail (worn)
 E - a +0 scale mail
Magical Staves
 D - a staff of fire
Jewellery
 g - an amulet of the acrobat (around neck)
 A - a ring of see invisible (left hand)
Scrolls
 h - a scroll of noise {unknown}
 q - 4 scrolls of identify {unknown}
 r - 2 scrolls of enchant weapon {unknown}
 v - a scroll of torment {unknown}
 x - a scroll of magic mapping {unknown}
 z - a scroll of fear {unknown}
Potions
 d - a potion of haste
 F - 2 potions of brilliance {unknown}
 G - a potion of resistance {unknown}
 I - a potion of degeneration {unknown}
 J - a potion of might {unknown}


   Skills:
 + Level 2.0 Fighting
 + Level 2.0 Short Blades
 + Level 6.8 Long Blades
 + Level 2.0 Axes
 + Level 2.0 Maces & Flails
 + Level 2.0 Polearms
 + Level 2.0 Staves
 + Level 2.0 Slings
 + Level 2.0 Bows
 + Level 2.0 Crossbows
 + Level 3.2 Throwing
 + Level 2.0 Armour
 + Level 3.2 Dodging
 + Level 4.6 Stealth
 + Level 2.0 Shields
 + Level 5.0 Unarmed Combat
 + Level 2.0 Spellcasting
 + Level 1.5 Conjurations
 + Level 1.5 Hexes
 + Level 1.5 Summonings
 + Level 1.5 Necromancy
 + Level 1.5 Translocations
 + Level 1.5 Transmutations
 + Level 1.5 Fire Magic
 + Level 1.5 Ice Magic
 + Level 1.5 Air Magic
 + Level 1.5 Earth Magic
 + Level 1.5 Poison Magic
 + Level 2.1 Invocations
 + Level 3.2 Evocations


You had 9 spell levels left.
You didn't know any spells.
Your spell library contained the following spells:

 Spells                   Type           Power      Damage    Failure   Level
 Summon Small Mammal      Summ           12%        N/A       99%         1
 Corpse Rot               Necr/Air       N/A        N/A       100%        2
 Call Canine Familiar     Summ           3%         N/A       100%        3
 Summon Guardian Golem    Hex/Summ       3%         N/A       100%        3
 Dispel Undead            Necr           3%         3d7       100%        4
 Death Channel            Necr           1%         N/A       100%        6


Dungeon Overview and Level Annotations

Branches:
Dungeon (4/15)             Temple (0/1) D:4         Ossuary (visited)

Altars:
Ashenzari
Gozag
Nemelex Xobeh
Qazlal
Ru
Trog
Zin

Shops:
D:3 ?


Innate Abilities, Weirdness & Mutations

You have very sharp teeth.
Your uncanny sense of smell can sniff out nearby items.
Your experience applies equally to all skills.


Message History

Your Crossbows skill increases to level 2!
Your Armour skill increases to level 2!
Your Shields skill increases to level 2!
Your Spellcasting skill increases to level 2!
There is an open door, spattered with blood here.
Things that are here:
a +0 dagger; an adder corpse Magic restored.
An ogre comes into view. It is wielding a +0 giant spiked club.
The ogre shouts!
Found a hand crossbow.
Blink to where?
Press: ? - help, Dir - move target
As you read the scroll of blinking, it crumbles to dust.
You see here a +0 hand crossbow.
b - a +0 hand crossbow You hit the ogre.
The ogre is lightly wounded.
The ogre hits you with a +0 giant spiked club!
You whack the ogre!
The ogre is moderately wounded.
The ogre hits you with a +0 giant spiked club!
As you read the scroll of teleportation, it crumbles to dust.
You feel strangely unstable. The ogre closely misses you.
The ogre closely misses you.
Your surroundings suddenly seem different.
You see here a book of Decay.
You pick up a book of Decay and begin reading...
You add the spells Corpse Rot, Dispel Undead and Death Channel to your library.
You start resting.
An ogre is nearby!
The ogre misses you.
You see here 10 gold pieces.
You now have 113 gold pieces (gained 10).
The ogre hits you with a +0 giant spiked club!
The ogre misses you.
The ogre hits you with a +0 giant spiked club!!
Ouch! That really hurt!
You die...

###...)..........#
..##.............#
.................#
..#....(.........#
........>........#
.#.#...#####..##########
.......#####..####.....#
#.#.#......#....O.....#
......#....#....@.....#
#.>.#...#.###.#########
......#...#######∆
#.#.#...........#
.......#........#
.#.#...#........#
.....####..##..##
#.#.).###..# ..#
...........+ <.#


You could see an ogre.

Vanquished Creatures
  A scorpion (D:4)
  2 jellies (D:3)
  A hound (D:4)
  A mummy (D:4)
  5 adders
  A worm (D:2)
  2 dart slugs
  6 ball pythons
  10 endoplasms
  5 giant cockroaches
  16 goblins
  6 hobgoblins
  13 kobolds
  A quokka (D:3)
  5 bats
  2 frilled lizards
  2 kobold zombies (D:4)
  7 rats
86 creatures vanquished.

Vanquished Creatures (others)
  10 fungi (D:3)
  6 toadstools (D:3)
16 creatures vanquished.

Grand Total: 102 creatures vanquished

Notes
Turn   | Place    | Note
-------+----------+-------------------------------------------
     0 | D:1      | chaosape the Gnoll Wanderer began the quest for the Orb.
     0 | D:1      | chaosape set off with the following items: a +0 falchion, a
                  | scroll of blinking, a scroll of teleportation, a potion of
                  | haste, a +0 robe, a +0 dagger
     0 | D:1      | Reached XP level 1. HP: 13/13 MP: 1/1
   494 | D:1      | Reached XP level 2. HP: 19/19 MP: 2/2
   813 | D:1      | Reached XP level 3. HP: 25/25 MP: 3/3
  1248 | D:2      | Reached skill level 1 in Invocations
  1913 | D:2      | Reached skill level 1 in Fighting
  1913 | D:2      | Reached skill level 1 in Short Blades
  1913 | D:2      | Reached skill level 1 in Axes
  1913 | D:2      | Reached skill level 1 in Maces & Flails
  1913 | D:2      | Reached skill level 1 in Polearms
  1913 | D:2      | Reached skill level 1 in Staves
  1913 | D:2      | Reached skill level 1 in Slings
  1913 | D:2      | Reached skill level 1 in Bows
  1913 | D:2      | Reached skill level 1 in Crossbows
  1913 | D:2      | Reached skill level 1 in Armour
  1913 | D:2      | Reached skill level 1 in Shields
  1913 | D:2      | Reached skill level 1 in Spellcasting
  1913 | D:2      | Reached XP level 4. HP: 28/32 MP: 5/5
  2515 | D:2      | Found a faded altar of an unknown god.
  2517 | D:2      | Became a worshipper of Trog the Wrathful
  2517 | D:2      | Reached * piety under Trog
  2835 | D:3      | Found a stormy altar of Qazlal.
  2837 | D:3      | Found an opulent altar of Gozag.
  2837 | D:3      | Found a broken altar of Ashenzari.
  2837 | D:3      | Found a sparkling altar of Nemelex Xobeh.
  2837 | D:3      | Found a sacrificial altar of Ru.
  2838 | D:3      | Found a glowing silver altar of Zin.
  2853 | D:3      | Reached skill level 1 in Conjurations
  2853 | D:3      | Reached skill level 1 in Hexes
  2853 | D:3      | Reached skill level 1 in Summonings
  2853 | D:3      | Reached skill level 1 in Necromancy
  2853 | D:3      | Reached skill level 1 in Translocations
  2853 | D:3      | Reached skill level 1 in Transmutations
  2853 | D:3      | Reached skill level 1 in Fire Magic
  2853 | D:3      | Reached skill level 1 in Ice Magic
  2853 | D:3      | Reached skill level 1 in Air Magic
  2853 | D:3      | Reached skill level 1 in Earth Magic
  2853 | D:3      | Reached skill level 1 in Poison Magic
  3051 | D:3      | Found Akhid's Magic Scroll Shop.
  3339 | D:3      | Reached XP level 5. HP: 26/37 MP: 5/7
  4085 | D:4      | Reached XP level 6. HP: 44/44 MP: 8/8
  4190 | D:4      | Found a sand-covered staircase.
  4249 | Ossuary  | Entered an ossuary
  4287 | D:4      | Found a staircase to the Ecumenical Temple.
  4369 | D:4      | Reached skill level 5 in Unarmed Combat
  4376 | D:4      | Reached ** piety under Trog
  4482 | D:4      | Mangled by an ogre

Illustrated notes

Levels and vault maps discovered:
D:1:      dpeg_arrival_leaves_temple_mockup, layout_rooms,
          kennysheep_another_room
D:2:      layout_basic, chequers_ecumenical_altar_twisty,
          kennysheep_decorative_pillar, minmay_goblin_outpost
D:3:      cheibrodos_fertilizer, layout_basic, grunt_temple_overflow_open,
          serial_shops, nicolae_shop_window_shopping
D:4:      layout_gridville, mainiacjoe_overflow_alcove_2,
          minmay_temple_entry_sparse_star, gammafunk_ghost_gnarly_gnolls,
          nicolae_ossuary_entry_giza, uniq_pikel

Skill      XL: |  1  2  3  4  5  6 |
---------------+-------------------+-----
Invocations    | 1 2 |  2.1
Fighting       | 1 2 |  2.0
Short Blades   | 1 2 |  2.0
Axes           | 1 2 |  2.0
Maces & Flails | 1 2 |  2.0
Polearms       | 1 2 |  2.0
Staves         | 1 2 |  2.0
Slings         | 1 2 |  2.0
Bows           | 1 2 |  2.0
Crossbows      | 1 2 |  2.0
Armour         | 1 2 |  2.0
Shields        | 1 2 |  2.0
Spellcasting   | 1 2 |  2.0
Conjurations   | 1 |  1.5
Hexes          | 1 |  1.5
Summonings     | 1 |  1.5
Necromancy     | 1 |  1.5
Translocations | 1 |  1.5
Transmutations | 1 |  1.5
Fire Magic     | 1 |  1.5
Ice Magic      | 1 |  1.5
Air Magic      | 1 |  1.5
Earth Magic    | 1 |  1.5
Poison Magic   | 1 |  1.5
Throwing       | 3 |  3.2
Dodging        | 3 |  3.2
Evocations     | 3 |  3.2
Unarmed Combat | 5 |  5.0
Long Blades    | |  6.8
Stealth        | |  4.6

Action                   |  1- 3 |  4- 6 || total
-------------------------+-------+-------++-------
Melee: Falchion          |    95 |    73 ||   168
       Bite              |     8 |    21 ||    29
       Punch             |     3 |     7 ||    10
       War axe           |       |     6 ||     6
       Whip              |       |    90 ||    90
 Fire: Hunting sling     |     4 |     2 ||     6
Throw: Stone             |    10 |       ||    10
       Dart              |     3 |       ||     3
Invok: Berserk           |       |     2 ||     2
  Use: Potion            |       |     2 ||     2
       Scroll            |       |     2 ||     2
 Stab: Sleeping          |     4 |     1 ||     5
Armor: Leather armour    |    35 |     5 ||    40
       Chain mail        |       |    59 ||    59
       Ring mail         |       |     1 ||     1
Dodge: Dodged            |    95 |    67 ||   162
       Rpst.: Falchion   |    18 |     8 ||    26
